 Dungeon Crawl Stone Soup version 0.28.0-53-g5a82cb258f (webtiles) character file.

Game seed: 7105564064007663407

13 hawla the Ducker (level 2, -5/11 HPs)
             Began as a Felid Fire Elementalist on June 6, 2022.
             Killed by nerve-wracking pain
             ... invoked by Jessica
              (8 damage)
             ... on level 2 of the Dungeon.
             The game lasted 00:01:35 (659 turns).

hawla the Ducker (Felid Fire Elementalist)           Turns: 659, Time: 00:01:36

Health: -5/11      AC:  1    Str:  4    XL:     2   Next: 24%
Magic:  5/6        EV: 17    Int: 16    God:
Gold:   35         SH:  0    Dex: 16    Spells: 4/5 levels left
                                        Lives:  0   Deaths: 0

rFire   . . .      SeeInvis +   (weapon unavailable)
rCold   + . .      Faith    .   (shield unavailable)
rNeg    . . .      Spirit   .   (armour unavailable)
rPois   .          Reflect  .   (helmet unavailable)
rElec   .          Harm     .   (cloak unavailable)
rCorr   .          Rampage  .   (gloves unavailable)
Will    .....                   (boots unavailable)
Stlth   ++........              (no amulet)
HPRegen 0.03/turn               a - ring of protection from cold
MPRegen 0.10/turn               (no ring)

@: quick
A: very small, claws 1, fangs 3, see invisible, speed 1, shaggy fur 1, stealthy
paws, no weapons or thrown items, no armour, multi-lived
a: no special abilities


You were on level 2 of the Dungeon.
You visited 1 branch of the dungeon, and saw 2 of its levels.

You collected 35 gold pieces.

Inventory:

Jewellery
 a - a ring of protection from cold (left paw)
Potions
 b - a potion of resistance {unknown}
 d - a potion of magic {unknown}


   Skills:
 + Level 3.1 Dodging
 + Level 2.8 Stealth
 + Level 2.1 Spellcasting
 + Level 1.0 Conjurations
 + Level 3.0 Fire Magic


You had 4 spell levels left.
You knew the following spells:

 Your Spells              Type           Power      Damage    Failure   Level
a - Foxfire               Conj/Fire      32%        2x1d5     9%          1

Your spell library contained the following spells:

 Spells                   Type           Power      Damage    Failure   Level
 Scorch                   Fire           22%        2d6       9%          2
 Conjure Flame            Conj/Fire      8%         6-21      26%         3
 Inner Flame              Hex/Fire       6%         N/A       32%         3
 Flame Wave               Conj/Fire      8%         2d5       65%         4


Dungeon Overview and Level Annotations

Branches:
Dungeon (2/15)

Altars:

Annotations:
D:2 Jessica


Innate Abilities, Weirdness & Mutations

You have sharp claws.
You have razor-sharp teeth.
You have supernaturally acute eyesight. (SInv)
You cover ground quickly. (Speed+)
You are covered in fur. (AC +1)
Your paws help you pounce on unaware monsters.
You are incapable of wielding weapons or throwing items.
You cannot wear armour.
You gain extra lives every three experience levels.


Message History

Found a dagger.
Found a stone staircase leading down.
You see here a +0 dagger.
Found 5 poisoned darts.
You see here a +0 dagger.
You see here a +0 club.
Found 5 large rocks.
d - a blue potion You now have 35 gold pieces (gained 18).
You see here a +0 club.
Done exploring.
Done exploring.
(D) Dungeon
Where to? (? - help)
What level of the Dungeon? (default 1, ? - help)
You see here a +0 club.
There is a stone staircase leading down here.
You climb downwards.
There is a stone staircase leading up here.
As you read the scroll labelled JIQEER VEONU, it crumbles to dust.
It is a scroll of brand weapon.
You aren't carrying any weapons that can be branded.
Found two human skeletons.
Jessica the Apprentice Sorceress comes into view.
She is wielding a +0 club.
Jessica shouts!
An endoplasm comes into view.
Jessica gestures at you while chanting. Pain shoots through your body!
Casting: Foxfire (safe; 9% risk of failure)
Confirm with . or Enter, or press ? or * to list all spells.
You conjure some foxfire!
The endoplasm quivers.
Jessica points at you and mumbles some strange words.
Pain shoots through your body!
* * * LOW HITPOINT WARNING * * *
The foxfire hits Jessica but does no damage. x2
Jessica casts a spell at you. Pain shoots through your body!
Ouch! That really hurt!
You die...

#.# + #.# ..
####.# ...
##.##.###....
#####...@........
..........ยง..J...
####...#.##.....
#..##.# ...
#@....# .
#####.#####
#.........###
#.###........
#.###......##
#.##<......#
####.......#
#.#.....#
#.#.......


You could see Jessica.

Vanquished Creatures
  A dart slug (D:1)
  4 goblins (D:1)
  A hobgoblin (D:1)
  3 bats (D:1)
  A frilled lizard (D:1)
  A rat (D:1)
11 creatures vanquished.

Vanquished Creatures (others)
  25 foxfires
25 creatures vanquished.

Grand Total: 36 creatures vanquished

Notes
Turn   | Place    | Note
-------+----------+-------------------------------------------
     0 | D:1      | hawla the Felid Fire Elementalist began the quest for the
                  | Orb.
     0 | D:1      | Reached XP level 1. HP: 7/7 MP: 4/4
    13 | D:1      | Reached skill level 1 in Conjurations
   324 | D:1      | Reached XP level 2. HP: 11/11 MP: 6/6
   652 | D:2      | Noticed Jessica
   659 | D:2      | Killed from afar by Jessica

Illustrated notes

Levels and vault maps discovered:
D:1:      amcnicky_arrival_feature_with_door, layout_rooms
D:2:      layout_loops_corners, wander_ebering_terrifying_dragon_lair,
          uniq_jessica

Skill      XL: |  1  2 |
---------------+-------+-----
Conjurations   | 1 |  1.0
Fire Magic     | 3 |  3.0
Dodging        | 3 |  3.1
Stealth        | |  2.8
Spellcasting   | |  2.1

Action                   || total
-------------------------++-------
Melee: Unarmed           ||     3
       Bite              ||     1
 Cast: Foxfire           ||    14
  Use: Scroll            ||     1
Dodge: Dodged            ||     4
